AoeStats
← cryptomamador

African Clearing

504562992Analyzed
4v4 RM · 25d ago on Sep 5, 2026· 56m 41s· 8 players
Game mode
Random Map
Map size
Large (8 player)
Population
200
Speed
Normal
Resources
Standard
Victory
Conquest
Starting age
Dark Age
Ending age
Imperial Age
RankedLock teamsTeams togetherTeam positionsShared explorationLock speedFull tech treeHidden civsTurbo modeCheats
Victory
Defeat
🇲🇽 Lithuanians · Mexico
997
+14
🇲🇽 Byzantines · Mexico
982
+14
🇲🇽 Saracens · Mexico
953
+15
🇲🇽 Huns · Mexico
950
+15
🇦🇷 Jurchens · Argentina
966
-15
🇦🇷 Celts · Argentina
947
-15
🇬🇧 Huns · United Kingdom
939
-15
🇦🇷 Aztecs · Argentina
911
-13
Erickinio
11:32 Loom
14:19 Feudal Age
14:53 Double-Bit Axe
23:29 Horse Collar
24:42 Forging
26:54 Castle Age
24:57 Stone Mining
26:28 Gold Mining
27:12 Fletching
28:06 Bow Saw
29:58 Wheelbarrow
32:23 Scale Mail Armor
32:44 Pikeman
33:12 Elite Skirmisher
34:44 Treadmill Crane
37:39 Chain Mail Armor
38:19 Ballistics
38:35 Bodkin Arrow
39:02 Heavy Plow
39:39 Murder Holes
40:03 Gambesons
42:15 Iron Casting
42:19 Padded Archer Armor
43:01 Stronghold
45:29 Leather Archer Armor
49:29 Imperial Age
48:19 Gold Shaft Mining
48:19 Stone Shaft Mining
47:19 Man-at-Arms
47:45 Arson
48:49 Light Cavalry
49:30 Husbandry
51:14 Plate Mail Armor
53:28 Long Swordsman
AveMiller
5:58 Loom
14:04 Feudal Age
18:04 Horse Collar
18:13 Double-Bit Axe
19:19 Wheelbarrow
24:24 Castle Age
31:24 Pikeman
32:19 Forging
32:09 Scale Mail Armor
34:45 Eagle Warrior
BOT Arnold
5:06 Loom
15:25 Feudal Age
17:13 Wheelbarrow
23:03 Castle Age
21:37 Double-Bit Axe
21:45 Gold Mining
25:36 Hand Cart
25:37 Bow Saw
29:15 Horse Collar
32:29 Bloodlines
32:19 Husbandry
32:07 Pikeman
33:41 Scale Barding Armor
34:21 Squires
34:35 Forging
36:39 Iron Casting
37:32 Gold Shaft Mining
38:16 Chain Barding Armor
39:30 Arson
40:22 Scale Mail Armor
49:29 Chain Mail Armor
50:01 Marauders
52:47 Imperial Age
53:32 Cavalier
53:57 Halberdier
Ultra cogolloo
4:30 Loom
15:44 Feudal Age
17:00 Wheelbarrow
16:55 Double-Bit Axe
19:09 Horse Collar
19:27 Gold Mining
20:26 Fletching
22:48 Padded Archer Armor
27:18 Castle Age
27:39 Crossbowman
28:17 Bodkin Arrow
29:14 Hand Cart
31:27 Leather Archer Armor
35:48 Pikeman
37:08 Ballistics
37:22 Pikeman
38:24 Forging
38:15 Scale Mail Armor
41:49 Heavy Plow
44:54 Chain Mail Armor
45:15 Iron Casting
51:58 Scale Barding Armor
56:36 Imperial Age
Lechucita27
4:45 Loom
18:30 Feudal Age
18:59 Horse Collar
19:06 Double-Bit Axe
19:16 Arson
21:08 Bloodlines
25:10 Forging
29:15 Castle Age
27:37 Scale Barding Armor
30:23 Wheelbarrow
29:57 Husbandry
30:29 Thumb Ring
32:41 Iron Casting
32:26 Chain Barding Armor
34:22 Fletching
34:59 Padded Archer Armor
43:56 Town Watch
46:46 Heavy Plow
47:07 Bow Saw
50:28 Bodkin Arrow
50:48 Leather Archer Armor
57:22 Ballistics
cryptomamador
9:29 Loom
16:18 Feudal Age
18:16 Horse Collar
24:33 Castle Age
23:32 Bloodlines
23:23 Gold Mining
23:24 Double-Bit Axe
25:35 Wheelbarrow
25:59 Gold Shaft Mining
25:31 Heavy Plow
25:45 Bow Saw
26:58 Forging
26:44 Stone Mining
30:07 Husbandry
31:51 Scale Barding Armor
37:21 Herbal Medicine
37:44 Scale Mail Armor
37:32 Man-at-Arms
38:01 Gambesons
38:25 Stone Mining
40:32 Chain Barding Armor
40:32 Hand Cart
40:57 Long Swordsman
44:50 Imperial Age
42:37 Squires
43:43 Bimaristan
44:11 Chain Mail Armor
44:37 Iron Casting
43:53 Fletching
44:31 Town Watch
45:26 Heavy Camel Rider
45:32 Two-Handed Swordsman
47:54 Plate Barding Armor
48:20 Blast Furnace
47:12 Arson
47:34 Capped Ram
48:44 Conscription
49:28 Masonry
49:39 Ballistics
48:48 Champion
50:16 Plate Mail Armor
50:17 Bodkin Arrow
50:37 Siege Ram
54:37 Counterweights
55:37 Elite Mameluke
Daikuangel
4:34 Loom
5:19 Loom
14:02 Feudal Age
21:01 Castle Age
19:39 Double-Bit Axe
22:17 Wheelbarrow
21:14 Elite Skirmisher
24:26 Padded Archer Armor
24:16 Fletching
24:18 Fishing Lines
28:09 Gillnets
31:20 Bow Saw
30:52 Horse Collar
35:28 Imperial Age
35:36 Imperial Age
33:25 Hand Cart
33:59 Ballistics
34:22 Leather Archer Armor
34:03 Bodkin Arrow
34:45 Thumb Ring
37:36 Chemistry
37:29 Heavy Plow
38:40 Two-Man Saw
37:34 Gold Mining
37:35 Stone Mining
38:56 Greek Fire
39:16 Conscription
41:22 Forging
42:01 Scale Barding Armor
42:27 Ring Archer Armor
43:26 Crop Rotation
45:10 Logistica
46:13 Iron Casting
46:25 Bracer
47:40 Gold Shaft Mining
47:41 Stone Shaft Mining
49:46 Elite Cataphract
50:59 Chain Barding Armor
52:20 Plate Barding Armor
51:12 Heavy Camel Rider
BAIDOT
18:59 Feudal Age
24:07 Castle Age
22:49 Double-Bit Axe
22:46 Horse Collar
23:13 Gold Mining
24:02 Forging
24:36 Scale Barding Armor
27:52 Bloodlines
30:32 Husbandry
34:06 Chain Barding Armor
35:50 Heavy Plow
48:15 Iron Casting
50:14 Imperial Age
48:21 Wheelbarrow
50:17 Cavalier
51:33 Plate Barding Armor
54:21 Hand Cart
54:40 Crop Rotation
55:49 Paladin
Connection lost

Rejoining the realm…

Still unreachable

The connection could not be restored.

Session expired

The server has moved on; the page needs a fresh start.